 Dungeon Crawl Stone Soup version 0.21.1-1-g345015f (webtiles) character file.

14 inc the Chiller (level 2, 0/11 HPs)
             Began as a Felid Ice Elementalist on Mar 5, 2018.
             Killed from afar by a dart slug (5 damage)
             ... with a slug dart
             ... on level 1 of the Dungeon.
             The game lasted 00:00:39 (718 turns).

inc the Chiller (Felid Ice Elementalist)             Turns: 718, Time: 00:00:39

Health: 0/11       AC:  1    Str:  4    XL:     2   Next: 27%
Magic:  0/6        EV: 18    Int: 16    God:
Gold:   4          SH:  0    Dex: 16    Spells: 4/5 levels left
                                        Lives:  0   Deaths: 0

rFire    . . .     SeeInvis +   (weapon unavailable)
rCold    . . .     Gourm    .   (shield unavailable)
rNeg     . . .     Faith    .   (armour unavailable)
rPois    .         Spirit   .   (helmet unavailable)
rElec    .         Reflect  .   (cloak unavailable)
rCorr    .         Harm     .   (gloves unavailable)
MR       .....                  (boots unavailable)
Stlth    +++.......             (no amulet)
HPRegen  0.03/turn              (no ring)
MPRegen  0.10/turn              (no ring)

@: quick
A: very small, no armour, no weapons or thrown items, stealth, claws 1, fangs 3,
see invisible, carnivore, speed 1, shaggy fur 1, slow metabolism 1, sharp paws
a: no special abilities


You were on level 1 of the Dungeon.
You were full.

You visited 1 branch of the dungeon, and saw 1 of its levels.

You collected 4 gold pieces.

Inventory:

Jewellery
 f - an uncursed ring of poison resistance {unknown}
Scrolls
 c - a scroll of identify {unknown}
 e - a scroll of teleportation {unknown}
 g - a scroll of immolation {unknown}
Potions
 d - a potion of curing {unknown}
Books
 a - a book of Frost

   Spells                             Type                      Level
   a - Freeze                         Ice                          1
   b - Throw Frost                    Conjuration/Ice              2
   c - Ozocubu's Armour               Charms/Ice                   3
   d - Throw Icicle                   Conjuration/Ice              4
   e - Summon Ice Beast               Ice/Summoning                4
Comestibles
 b - a ration


   Skills:
 - Level 2.6 Dodging
 - Level 2.6 Stealth
 - Level 2.0 Spellcasting
   Level 0.8 Conjurations
 + Level 3.4 Ice Magic


You had 4 spell levels left.
You knew the following spells:

 Your Spells              Type           Power        Failure   Level  Hunger
a - Freeze                Ice            ##..         4%          1    #......


Dungeon Overview and Level Annotations

Branches:
Dungeon (1/15)

Altars:


Innate Abilities, Weirdness & Mutations

You cannot wear armour.
You are incapable of wielding weapons or throwing items.
Your paws allow you to move quietly. (Stealth)
You have sharp claws.
You have razor-sharp teeth.
You have supernaturally acute eyesight. (SInv)
You are carnivorous and can eat meat at any time.
You cover ground quickly.
You are covered in fur. (AC +1)
You have a slow metabolism.
Your sharp claws are effective at attacking unaware monsters.


Message History

Aim: a dart slug You freeze the dart slug.
The dart slug is heavily wounded.
The dart slug closely misses you.
Casting: Freeze
Confirm with . or Enter, or press ? or * to list all spells.
Aiming: Freeze
Press: ? - help, Shift-Dir - straight line, f/p - dart slug
Aim: a dart slug (heavily wounded)
You freeze the dart slug.
The dart slug is severely wounded.
Casting: Freeze
Confirm with . or Enter, or press ? or * to list all spells.
You don't have enough magic to cast that spell.
Unknown command.
You scratch the dart slug.
The dart slug is almost dead.
The dart slug launches a dart at you. The slug dart hits you!
You die...

#.##...................#.#.......
#.##''####........####...........
..##..# #!......................
####''### #....................
##§.....# #...#........#......#
##.≈≈≈≈.# #............#......+
##.≈≈≈≈.# #........... #......#
##......# #...w....... +.......
###''### #..@....# #.<#
#####.......# .>. ####
#....)......... .......
###.#.#.#.#$...#.........
#..............+....##...
.####.#)#.#.#.#....#........#
.......(...........#.........
......#.#.#.#.#..............
.............................


You could see a dart slug.

Vanquished Creatures
  4 goblins (D:1)
  A hobgoblin (D:1)
  3 kobolds (D:1)
  2 bats (D:1)
  2 frilled lizards (D:1)
  A rat (D:1)
13 creatures vanquished.

Notes
Turn   | Place    | Note
-------+----------+-------------------------------------------
     0 | D:1      | inc the Felid Ice Elementalist began the quest for the Orb.
     0 | D:1      | Reached XP level 1. HP: 7/7 MP: 4/4
   141 | D:1      | Reached skill level 3 in Ice Magic
   500 | D:1      | Reached XP level 2. HP: 11/11 MP: 1/6
   718 | D:1      | Killed from afar by a dart slug

Skill      XL: |  1 |
---------------+----+-----
Ice Magic      | 3 |  3.4
Dodging        | |  2.6
Stealth        | |  2.6
Spellcasting   | |  2.0
Conjurations   | |  0.8

Action                   || total
-------------------------++-------
Melee: Unarmed           ||     4
 Cast: Freeze            ||    17
 Stab: Sleeping          ||     1
  Eat: Chunk             ||     3
Armor: Skin              ||     1
Dodge: Dodged            ||     8
